Workbook

Sheet Self-assessment
B1: Test "Self-Assessment"
B2: Filling instructions
B3: For each behavior and thinking pattern, put a number from 1 to 5, depending on how often this behavior or thought occurs:
B4: 1 - Completely wrong
B5: 2 - Very often wrong
B6: 3 - True half the time
B7: 4 - Very often true
B8: 5 - Always true
A9: № | B9: Questions | C9: Assessment before | D9: Assessment after
B10: Block 1: Physical health | C10: =SUM(C11:C20)/10 -> 0 | D10: =SUM(D11:D20)/10 -> 0
A11: 1 | B11: I look great and am happy with my appearance.
A12: 2 | B12: I am full of strength, inspiration, energy, interest of life.
A13: 3 | B13: I am healthy, I feel great, I do not have chronic diseases.
A14: 4 | B14: I follow a healthy diet, my weight is normal.
A15: 5 | B15: I have a healthy sleep, I do not suffer from insomnia.
A16: 6 | B16: I do regular exercise or yoga.
A17: 7 | B17: I enjoy exercise and stretching.
A18: 8 | B18: I drink about 1,5 liters of water a day.
A19: 9 | B19: I don't smoke and rarely drink alcohol.
A20: 10 | B20: I have no addictions to alcohol, smoking, drugs.
B21: Unit 2: Mental health | C21: =(SUM(C22:C31)/10) -> 0 | D21: =(SUM(D22:D31)/10) -> 0
A22: 11 | B22: I love, appreciate and approve of myself. I don't have the habit of scolding and reproaching myself.
A23: 12 | B23: I have a strong will to live. I have a strong desire for something. I have a dream that I want to make come true.
A24: 13 | B24: I am attentive to my desires, I often listen to myself, to my body. I analyze my feelings.
A25: 14 | B25: I often feel grateful for life.
A26: 15 | B26: I am well. My choice is to live and be happy.
A27: 16 | B27: I approve and encourage myself. I accept myself for who I am. I strive for development and creativity.
A28: 17 | B28: I got rid of guilt, criticism and self-judgment. I realized that I was doing my best at the level of awareness I had.
A29: 18 | B29: I am calm and confident. I believe in myself. I can deal with fears.
A30: 19 | B30: I know how to act, to bring my plans to life. I prefer to do concrete action to achieve my goals.
A31: 20 | B31: I am open, optimistic, I have a positive outlook on life. I don't suffer from depression.
B32: Block 3: Soul health | C32: =(SUM(C33:C42)/10) -> 0 | D32: =(SUM(D33:D42)/10) -> 0
A33: 21 | B33: I feel needed in this world. My life is of great value.
A34: 22 | B34: I know exactly who I am. I am aware of my life purpose, vocation, profession, mission.
A35: 23 | B35: My life is an interesting adventure.
A36: 24 | B36: I forgive and let go of people and situations. I often look at situations, people and myself from the outside.
A37: 25 | B37: I love, respect and appreciate people. I often admire other people.
A38: 26 | B38: People respect and appreciate me. They listen to my opinion.
A39: 27 | B39: My environment is safe, people are friendly to me. People are always ready to help me, I just have to ask. I feel protected.
A40: 28 | B40: My intentions and thoughts are pure. I can influence situations. I do it for the benefit of myself, people around and organizations where I work.
A41: 29 | B41: The world is beautiful and intelligently arranged. I accept this world, this Universe. I am an integral part of it.
A42: 30 | B42: Everything in this world is good. God and/or the Universe are reasonable and generous. Everything that happens with me, is for my experience or learning.
B43: Block 4: Knowledge and Experience | C43: =(SUM(C44:C53)/10) -> 0 | D43: =(SUM(D44:D53)/10) -> 0
A44: 31 | B44: I have higher education.
A45: 32 | B45: I have a PhD degree.
A46: 33 | B46: I have an MBA degree.
A47: 34 | B47: I have a high professional qualification, which is confirmed by certificates.
A48: 35 | B48: I have international professional certificates.
A49: 36 | B49: I know foreign languages.
A50: 37 | B50: I have unique, specific knowledge and skills (e.g. programming languages, etc.)
A51: 38 | B51: I have the knowledge and experience of managing a large team of people. I have successful, completed projects.
A52: 39 | B52: I have the knowledge and experience to create or manage a successful business.
A53: 40 | B53: I have the knowledge and skills of investing.
B54: Block 5: Connections and Relationships | C54: =(SUM(C55:C64)/10) -> 0 | D54: =(SUM(D55:D64)/10) -> 0
A55: 51 | B55: I am sociable. I can and I know to whom, how and when to convey my thoughts.
A56: 52 | B56: I am the leader. I can influence, convince and lead othre people.
A57: 53 | B57: I easily make acquaintances with people.
A58: 54 | B58: I have real friends.
A59: 55 | B59: I have extensive professional connections.
A60: 56 | B60: I am in a professional community.
A61: 57 | B61: I created or manage a professional community.
A62: 58 | B62: I have extensive business connections.
A63: 59 | B63: I have extensive connections among investors.
A64: 60 | B64: I have extensive political connections.
B65: Block 6: Family and Love | C65: =(SUM(C66:C75)/10) -> 0 | D65: =(SUM(D66:D75)/10) -> 0
A66: 61 | B66: I have a person who loves me.
A67: 62 | B67: I have a person that I love.
A68: 63 | B68: I have a happy family.
A69: 64 | B69: Significant people in my live love and support me.
A70: 65 | B70: I have a great relationship with my children. They are happy and successful.
A71: 66 | B71: I grew up in a happy family. My parents were happily married.
A72: 67 | B72: I have a great relationship with my mother who supports me.
A73: 68 | B73: I have a great relationship with my father, who supports me.
A74: 69 | B74: I have a great relationship with my brothers and sisters who support me.
A75: 70 | B75: I have a great relationship with my grandparents who support me.
B76: Block 7: Finance and career | C76: =(SUM(C77:C86)/10) -> 0 | D76: =(SUM(D77:D86)/10) -> 0
A77: 71 | B77: I love my job. Colleagues support me. I develop at work and see a career perspective.
A78: 72 | B78: The boss appreciates me. I have the support of a person at a higher level in the hierarchy in the organization. My career is moving forward.
A79: 73 | B79: I have a high salary. My salary satisfies me completely.
A80: 74 | B80: I have capital, savings, or sources of passive income (deposits, royalties, property rentals, etc.)
A81: 75 | B81: I am a private entrepreneur. I can make money myself.
A82: 76 | B82: I have ideas for start up business.
A83: 77 | B83: I have an investor for my start up business
A84: 78 | B84: I have my own successful business.
A85: 79 | B85: I am an investor. I invest in a successful business.
A86: 80 | B86: I am an investor. I have capital and an investment strategy. I invest in financial markets.
B87: Block 8: Behavior pattern | C87: =(SUM(C88:C97)/10) -> 0 | D87: =(SUM(D88:D97)/10) -> 0
A88: 83 | B88: I do not wait for instructions from the boss and ready-made recipes. I generate ideas myself.
A89: 82 | B89: I bet on my abilities and look for alternatives.
A90: 84 | B90: I act independently and look for opportunities.
A91: 81 | B91: I myself create opportunities and always actively act.
A92: 85 | B92: I easily move from words to actions. I always have a long term plan of action, as well as a plan for a crisis.
A93: 86 | B93: I act openly and friendly. I don't avoid people.
A94: 87 | B94: For me, a problem is a task that needs to be solved. I don't run from a problem situation.
A95: 88 | B95: I go to the realization of my ideas, to wealth and prosperity. I do not to run away from poverty.
A96: 89 | B96: A crisis is always for the good, it is experience, learning and opportunities. I do not give up in a crisis.
A97: 90 | B97: I do not run and do not fall into a stupor from danger. I resist and struggle with circumstances.
A98: 91 | B98: I am always aware of my fears and know how to overcome them. My motto is "Be afraid but act!"
A99: 92 | B99: I don't seek to take anything from other people. I strive to share with people. I am an altruist.
... A107: 100 | B107: I choose to life on 100%. I live life to the fullest and breathe deeply.
...

Sheet Conflicts
B1: Test "My style of behavior in conflict"
B2: Filling instructions
B3: For each behavior and thinking pattern, put a number from 1 to 5, depending on how often this behavior or thought occurs:
B4: 1 - I never behave like this
B5: 2 - Sometimes I behave like this
B6: 3 - I act like this half the time
B7: 4 - I behave like this very often
B8: 5 - I always behave like this
B9: The pattern of behavior may differ if you analyze your behavior towards different groups of people. That is, the style of behavior in conflicts with the boss may be one, and the style of behavior in conflict with colleagues may be different. For this test, please answer the questions based on your behavior in conflicts with colleagues.
A11: № | B11: Questions | C11: Assessment before | D11: Assessment after
B12: Block 1: Strength | C12: =(SUM(C13:C17)/5) -> 0 | D12: =(SUM(D13:D17)/5) -> 0
A13: 1 | B13: In a conflict, I do not make concessions. It is important for me to defend my point of view, because I am right.
A14: 2 | B14: In disputes, I always strive to win. I see the situation better than others and know the solution.
A15: 3 | B15: I will never refuse a good reason and argument, even if it may be unpleasant for the opponent.
A16: 4 | B16: I definitely prefer winning an argument over a compromise.
A17: 5 | B17: I openly criticize my opponent in front of everyone and use his weaknesses.
B18: Block 2: Collaboration | C18: =SUM(C19:C23)/5 -> 0 | D18: =SUM(D19:D23)/5 -> 0
A19: 6 | B19: I can convey my opinion to others. I describe the situation in a neutral way, offer solutions, explain what will happen if the decision is not made. I try to bring the partner to the optimal solution, I strive for him to express it himself.
A20: 7 | B20: I study the existing differences, I know how to put myself in the place of the opponent, I listen to his arguments. I understand well the motive of others and I am looking for a solution that is convenient for both.
A21: 8 | B21: I don't let myself be passed over when making a decision. I openly express my disagreement, then discuss the differences. I do not deviate from my opinion, but I do not impose it either.
A22: 9 | B22: I know how to defend my position and put my opponent in his place if he goes over the line.
A23: 10 | B23: I see people without illusions, just the way they are. But I know how to forgive and always give a second chance for cooperation.
B24: Block 3: Weakness | C24: =SUM(C25:C29)/5 -> 0 | D24: =SUM(D25:D29)/5 -> 0
A25: 11 | B25: I have a reputation for being compliant. I would rather agree with my opponent than start arguing with him.
A26: 12 | B26: I will give in rather than try to change my opponent's mind.
A27: 13 | B27: When discussing the situation, I avoid discussing any controversial aspects of it.
A28: 14 | B28: I would rather agree to a partially satisfactory solution than try to get my way.
A29: 15 | B29: I give in as soon as my opponent's emotions start to boil over.
B30: Block 4: Evasion | C30: =SUM(C31:C35)/5 -> 0 | D30: =SUM(D31:D35)/5 -> 0
A31: 16 | B31: I avoid communication with a person until the conflict with him is resolved.
A32: 17 | B32: It is better for both sides of the conflict to lose than to run the risk of emotional confrontation.
A33: 18 | B33: It seems to me that most of the disagreements do not make sense. It's pointless to prove anything.
A34: 19 | B34: I would rather admit that I was partially wrong than go into detail about the differences.
A35: 20 | B35: I try to postpone the discussion of the conflict situation until I understand it thoroughly.

Sheet Results
A1: Areas of life | B1: Assessment before | C1: Assessment after
A2: Block 1: Physical health | B2: ='Self-assessment'!C10 -> 0 | C2: ='Self-assessment'!D10 -> 0
A3: Block 2: Mental health | B3: ='Self-assessment'!C21 -> 0 | C3: ='Self-assessment'!D21 -> 0
A4: Block 3: Mental health | B4: ='Self-assessment'!C32 -> 0 | C4: ='Self-assessment'!D32 -> 0
A5: Block 4: Knowledge and Experience | B5: ='Self-assessment'!C43 -> 0 | C5: ='Self-assessment'!D43 -> 0
A6: Block 5: Connections and Relationships | B6: ='Self-assessment'!C54 -> 0 | C6: ='Self-assessment'!D54 -> 0
A7: Block 6: Family and Love | B7: ='Self-assessment'!C65 -> 0 | C7: ='Self-assessment'!D65 -> 0
A8: Block 7: Finance | B8: ='Self-assessment'!C76 -> 0 | C8: ='Self-assessment'!D76 -> 0
A9: Block 8: Style of behavior | B9: ='Self-assessment'!C87 -> 0 | C9: ='Self-assessment'!D87 -> 0
A28: Behavior in conflict | B28: Assessment before | C28: Assessment after
A29: Block 1: Strength | B29: =Conflicts!C12 -> 0 | C29: =Conflicts!D12 -> 0
A30: Block 2: Collaboration | B30: =Conflicts!C18 -> 0 | C30: =Conflicts!D18 -> 0
A31: Block 3: Weakness | B31: =Conflicts!C24 -> 0 | C31: =Conflicts!D24 -> 0
A32: Block 4: Evasion | B32: =Conflicts!C30 -> 0 | C32: =Conflicts!D30 -> 0
